 Dungeon Crawl Stone Soup version 0.19.5 (webtiles) character file.

57 JeffiDaFish the Conjurer (level 3, -4/16 HPs)
             Began as a Spriggan Conjurer on Nov 8, 2017.
             Killed from afar by Natasha (10 damage)
             ... with a magic dart
             ... on level 2 of the Dungeon.
             The game lasted 00:05:23 (2140 turns).

JeffiDaFish the Conjurer (Spriggan Conjurer)        Turns: 2140, Time: 00:05:23

Health: -4/16      AC:  2    Str:  4      XL:     3   Next: 73%
Magic:  0/8        EV: 18    Int: 13 (16) God:
Gold:   69         SH:  0    Dex: 16 (17) Spells: 3 memorised, 2 levels left

rFire  . . .     SeeInvis +     d - +0 short sword
rCold  . . .     Gourm    .     a - +0 robe
rNeg   . . .     Faith    .     (shield restricted)
rPois  .         Spirit   .     (helmet restricted)
rElec  .         Reflect  .     (no cloak)
rCorr  .         Harm     .     (gloves unavailable)
MR     .....     Rnd*Tele +     (boots unavailable)
Stlth  +++.......               (no amulet)
                                (no ring)
                                g - ring of teleportation

@: very slightly contaminated, very quick
A: unfitting armour, see invisible, herbivore 3, speed 3, slow metabolism 2
a: no special abilities


You were on level 2 of the Dungeon.
You were not hungry.

You visited 1 branch of the dungeon, and saw 2 of its levels.

You collected 69 gold pieces.

Inventory:

Hand Weapons
 d - a +0 short sword (weapon)
Armour
 a - a +0 robe (worn)
Jewellery
 g - a ring of teleportation (left hand)
Scrolls
 e - a scroll of identify
Books
 b - a book of Conjurations

   Spells                             Type                      Level
   a - Magic Dart                     Conjuration                  1
   b - Searing Ray                    Conjuration                  2
   c - Dazzling Spray                 Conjuration/Hexes            3
   d - Fulminant Prism                Conjuration/Hexes            4
   e - Iskenderun's Mystic Blast      Conjuration                  4
   f - Iskenderun's Battlesphere      Conjuration/Charms           5
Comestibles
 c - 2 bread rations
 f - a slice of pizza


   Skills:
 + Level 0.1 Fighting
 + Level 1.2 Short Blades
 + Level 3.3 Dodging
 + Level 3.4 Stealth
 + Level 3.1 Spellcasting
 + Level 3.5 Conjurations


You had 2 spell levels left.
You knew the following spells:

 Your Spells              Type           Power        Failure   Level  Hunger
a - Magic Dart            Conj           ##..         8%          1    #......
b - Dazzling Spray        Conj/Hex       #.....       34%         3    ###....
c - Searing Ray           Conj           ##....       10%         2    ##.....


Dungeon Overview and Level Annotations

Branches:
Dungeon (2/15)

Altars:

Annotations:
D:2 Natasha


Innate Abilities, Weirdness & Mutations

You are very small and have problems with some larger weapons.
You are too small for most types of armour.
You have supernaturally acute eyesight. (SInv)
You are a herbivore.
You cover ground extremely quickly.
You need consume almost no food.


Message History

The searing ray hits Natasha.
Natasha is severely wounded. (Press . to maintain the ray.) Natasha completely misses you.
You hit Natasha.
Natasha is almost dead.
Natasha drinks a potion.
Natasha is healed!
You miss Natasha. Natasha claws you!
Ouch! That really hurt!
You hit Natasha.
Natasha is moderately wounded.
Natasha mewls in sadness.
Natasha stares at you and mumbles some strange words.
You resist with some effort.
You hit Natasha.
Natasha is heavily wounded.
Natasha casts a spell at you. The magic dart hits you!
Ouch! That really hurt!
You die...

...5.hl....##.##.#..
###..####.....# .#..
##.......#..##.... .
####)..........# ..
####..........##. ...
###.....)..........
....#...................
#.......h.........###.
###....@..........#
#..<............#
#.........>.....#
######..........#
#####.........
#.######## #.# #. #.


You could see Natasha.

Vanquished Creatures
  A gnoll (D:1)
  An adder (D:2)
  3 dart slugs (D:1)
  A leopard gecko (D:1)
  A bat (D:1)
  2 giant cockroaches (D:1)
  4 goblins
  6 hobgoblins (D:1)
  3 kobolds
  A ball python (D:1)
  4 frilled lizards (D:1)
  4 rats
31 creatures vanquished.

Notes
Turn   | Place    | Note
-------+----------+-------------------------------------------
     0 | D:1      | JeffiDaFish the Spriggan Conjurer began the quest for the Orb.
     0 | D:1      | Reached XP level 1. HP: 9/9 MP: 5/5
   138 | D:1      | Reached XP level 2. HP: 11/13 MP: 0/6
   782 | D:1      | Reached XP level 3. HP: 4/16 MP: 6/8
  1422 | D:1      | Learned a level 3 spell: Dazzling Spray
  1425 | D:1      | Learned a level 2 spell: Searing Ray
  1839 | D:2      | Noticed Natasha
  1841 | D:2      | Reached skill level 1 in Short Blades
  2140 | D:2      | Killed from afar by Natasha

Skill      XL: |  1  2  3 |
---------------+----------+-----
Conjurations   | 3 |  3.5
Spellcasting   | 3 |  3.1
Short Blades   | 1 |  1.2
Fighting       | |  0.1
Dodging        | |  3.3
Stealth        | |  3.4

Action                   || total
-------------------------++-------
Melee: Short sword       ||    63
 Cast: Magic Dart        ||    47
       Searing Ray       ||     3
       Dazzling Spray    ||     1
  Use: Potion            ||     4
       Scroll            ||     4
 Stab: Sleeping          ||     3
       Invisible         ||     1
Armor: Robe              ||     6
Dodge: Dodged            ||    51
